 Dungeon Crawl Stone Soup version 0.23-a0-622-g59b4ea9 (webtiles) character file.

114 rgaf the Ruffian (level 4, 0/35 HPs)
             Began as a Draconian Transmuter on Dec 23, 2018.
             Slain by Natasha (4 damage)
             ... on level 2 of the Dungeon.
             The game lasted 00:01:41 (2660 turns).

rgaf the Ruffian (Draconian Transmuter)             Turns: 2660, Time: 00:01:42

Health: 0/35       AC:  6    Str: 11 (13) XL:     4   Next: 66%
Magic:  3/7        EV: 12    Int: 13 (14) God:
Gold:   100        SH:  0    Dex:  9 (11) Spells: 1/7 levels left

rFire    . . .     SeeInvis .     - Unarmed
rCold    . . .     Gourm    .   (no shield)
rNeg     . . .     Faith    .   (armour unavailable)
rPois    .         Spirit   .   (helmet restricted)
rElec    .         Reflect  .   (no cloak)
rCorr    .         Harm     .   i - +0 pair of gloves
MR       +....                  (no boots)
Stlth    +.........             (no amulet)
HPRegen  0.11/turn              l - ring of protection from magic
MPRegen  0.10/turn              (no ring)

@: flying, very slightly contaminated
A: unfitting armour, cold-blooded, AC +5
a: no special abilities


You were on level 2 of the Dungeon.
You were hungry.

You visited 1 branch of the dungeon, and saw 2 of its levels.

You collected 100 gold pieces.

Inventory:

Missiles
 a - 21 arrows
Armour
 i - a +0 pair of gloves (worn)
Jewellery
 l - a ring of protection from magic (left hand)
Scrolls
 e - a scroll of magic mapping {unknown}
 g - 2 scrolls of remove curse
 j - 3 scrolls of teleportation {unknown}
Potions
 d - a potion of brilliance {unknown}
 f - a potion of flight
 h - a potion of cancellation {unknown}
Comestibles
 c - 5 rations


   Skills:
 - Level 1.1 Fighting
 - Level 1.7 Dodging
 * Level 4.6 Unarmed Combat
 - Level 2.0 Spellcasting
 + Level 3.1 Transmutations
 * Level 1.1 Poison Magic


You had one spell level left.
You knew the following spells:

 Your Spells              Type           Power        Failure   Level  Hunger
a - Beastly Appendage     Tmut           #.....       7%          1    ##.....
b - Sticks to Snakes      Tmut           #.......     11%         2    ###....
c - Spider Form           Tmut/Pois      #.........   32%         3    ####...

Your spell library contained the following spells:

 Spells                   Type           Power        Failure   Level  Hunger
 Ice Form                 Ice/Tmut       #.......     80%         4    #####..
 Blade Hands              Tmut           #.........   89%         5    ######.


Dungeon Overview and Level Annotations

Branches:
Dungeon (2/15)

Altars:
The Shining One

Annotations:
D:2 Natasha


Innate Abilities, Weirdness & Mutations

Your plain brown scales are hard. (AC +5)
You cannot fit into any form of body armour.
You are cold-blooded and may be slowed by cold attacks.


Message History

You hit Natasha but do no damage.
Natasha is severely wounded.
Natasha stares at you and mumbles some strange words.
The magic dart hits you!
* * * LOW HITPOINT WARNING * * *
Natasha closely misses you.
You hit Natasha.
Your tail-slap misses Natasha.
Natasha is almost dead.
You feel yourself speed up.
The crimson imp blinks!
Natasha closely misses you.
It was a potion of flight.
You feel very buoyant.
You fly up into the air.
Natasha claws you but does no damage.
The crimson imp grinds its teeth.
The crimson imp barely misses you.
It was a potion of degeneration.
There was something very wrong with that liquid.
You feel weakened.
You feel dopey.
You feel clumsy. Natasha claws you.
You die...

########.######## #
#......# .# #
#.##.#.# .# #
#....#.# .#
##########.#### .#
....(.........# .#
##########....# .#
#################h##
................@5.#
####################


You could see Natasha and a crimson imp.

Vanquished Creatures
  6 adders (D:2)
  An ooze (D:1)
  A worm (D:2)
  2 dart slugs
  A giant cockroach (D:1)
  4 goblins
  7 hobgoblins
  7 jackals (D:2)
  5 kobolds
  A quokka (D:2)
  6 bats
  4 frilled lizards
  3 rats (D:1)
48 creatures vanquished.

Notes
Turn   | Place    | Note
-------+----------+-------------------------------------------
     0 | D:1      | rgaf the Draconian Transmuter began the quest for the Orb.
     0 | D:1      | Reached XP level 1. HP: 16/16 MP: 3/3
    66 | D:1      | Reached XP level 2. HP: 16/23 MP: 5/5
  1351 | D:2      | Found a glowing golden altar of the Shining One.
  1387 | D:2      | Reached XP level 3. HP: 27/28 MP: 6/6
  1459 | D:2      | Reached skill level 4 in Unarmed Combat
  1736 | D:2      | Learned a level 2 spell: Sticks to Snakes
  1740 | D:2      | Learned a level 3 spell: Spider Form
  1773 | D:2      | Reached XP level 4. HP: 33/35 MP: 7/7
  2256 | D:2      | Reached skill level 1 in Poison Magic
  2639 | D:2      | Noticed Natasha
  2660 | D:2      | Slain by Natasha

Vault maps used:
D:1:      ncdulo_wetmaze, grunt_decor_one_mirror, amethyst_killhole,
          grunt_decor_resistance
D:2:      minmay_evil_eye, lemuel_crystal_altar, grunt_ministairs_3,
          minivault_25, minmay_tetromino_s2, uniq_natasha

Skill      XL: |  1  2  3  4 |
---------------+-------------+-----
Unarmed Combat | 4 |  4.6
Transmutations | 3 |  3.1
Poison Magic   | 1 |  1.1
Fighting       | |  1.1
Dodging        | |  1.7
Spellcasting   | |  2.0

Action                   |  1- 3 |  4- 6 || total
-------------------------+-------+-------++-------
Melee: Unarmed           |   130 |    92 ||   222
       Tailslap          |    10 |     5 ||    15
       Punch             |     4 |     1 ||     5
 Cast: Beastly Appendage |     1 |       ||     1
  Use: Potion            |       |     2 ||     2
       Scroll            |       |     1 ||     1
 Stab: Sleeping          |     1 |       ||     1
  Eat: Chunk             |     3 |     2 ||     5
Armor: Skin              |    37 |    31 ||    68
Dodge: Dodged            |    82 |    64 ||   146

Table legend:
 A = Non-vault XP
 B = Vault XP
 C = Vault XP percentage of total XP
 D = Non-vault monster count
 E = Vault monster count
 F = Vault count percentage of total count
                 A         B        C        D         E       F
            +---------+---------+-------+---------+---------+-------
      Total |     155 |       8 |   4.9 |      43 |       5 |  10.4
            +---------+---------+-------+---------+---------+-------
        D:1 |      32 |       0 |   0.0 |      16 |       0 |   0.0
        D:2 |     123 |       8 |   6.1 |      27 |       5 |  15.6
            +---------+---------+-------+---------+---------+-------
